 Dungeon Crawl Stone Soup version 0.31.0-12-g77e489cdc1 (webtiles) character file.

Game seed: 12531825669626991552

3183 hawla the Blocker (level 9, -3/77 HPs)
             Began as a Minotaur Fighter on Mar 4, 2024.
             Was an Initiate of Yredelemnul.
             Slain by a vampire
             ... wielding a +0 mace
              (12 damage)
             ... on level 7 of the Dungeon on Mar 5, 2024.
             The game lasted 00:16:07 (4963 turns).

hawla the Blocker (Minotaur Fighter)                Turns: 4963, Time: 00:16:08

Health: -3/77      AC:  8    Str: 21    XL:     9   Next: 64%
Magic:  11/12      EV: 12    Int:  5    God:    Yredelemnul [......]
Gold:   505        SH: 12    Dex: 16    Spells: 8/8 levels left

rFire   . . .        a - +0 long sword (drain)
rCold   . . .        k - +0 kite shield
rNeg    . . .        c - +0 troll leather armour {Pargi}
rPois   .            r - +1 hat
rElec   .            v - +0 cloak
rCorr   .            (no gloves)
SInv    +            (no boots)
Will    +....        (no amulet)
Stlth   ++           q - ring of willpower
HPRegen 1.12/turn    t - ring of see invisible
MPRegen 0.13/turn

%: no passive effects
@: no status effects
A: horns 2, retaliatory headbutt, talons 1, iridescent scales 1, thin skeletal
structure 1, robust 1
a: Renounce Religion, Recall Undead Harvest


You were on level 7 of the Dungeon.
You worshipped Yredelemnul.
Yredelemnul was noncommittal.
You visited 1 branch of the dungeon, and saw 7 of its levels.
You also visited: Sewer.

You collected 505 gold pieces.

Inventory:

Hand Weapons
 a - a +0 long sword of draining (weapon)
Missiles
 m - 15 poisoned darts (quivered)
Armour
 c - a +0 troll leather armour (worn) {Pargi}
 k - a +0 kite shield (worn)
 r - a +1 hat (worn)
 v - a +0 cloak (worn)
Jewellery
 q - a ring of willpower (left hand)
 t - a ring of see invisible (right hand)
Wands
 s - a wand of polymorph (3)
Scrolls
 f - 2 scrolls of brand weapon
 h - 2 scrolls of poison
 n - a scroll of identify
 u - a scroll of amnesia {unknown}
Potions
 b - a potion of heal wounds
 d - 4 potions of might
 e - a potion of lignification
 j - a potion of cancellation
 l - a potion of berserk rage
 p - a potion of curing {unknown}


   Skills:
 - Level 3.6 Fighting
 - Level 2.4 Long Blades
 - Level 6.0 Throwing
 - Level 8.0 Armour
 - Level 3.0 Dodging
 - Level 10.0 Shields
 + Level 5.4 Invocations
 - Level 3.0 Evocations


You had 8 spell levels left.
You didn't know any spells.
Your spell library was empty.

Dungeon Overview and Level Annotations

Branches:
Dungeon (7/15)             Temple (0/1) D:4           Sewer (visited)

Altars:
Nemelex Xobeh
Qazlal
Vehumet
Yredelemnul


Innate Abilities, Weirdness & Mutations

You have a pair of horns on your head.
You reflexively headbutt those who attack you in melee.
You have sharp toenails.
You are partially covered in iridescent scales. (AC +2)
You have a somewhat thin skeletal structure. (Dex +2, Stealth+)
You are robust. (+10% HP)


Message History

* * * LOW HITPOINT WARNING * * *
The vampire draws strength from your injuries!
The gnoll hits you but does no damage. Something hits your gnoll zombie.
The vampire hits you with a +0 mace!
* * * LOW HITPOINT WARNING * * *
The vampire bites you.
* * * LOW HITPOINT WARNING * * *
The vampire draws strength from your injuries!
Your gnoll zombie hits the sky beast but does no damage.
As you read the scroll of fear, it crumbles to dust.
You assume a fearsome visage.
The sky beast looks frightened!
The gnoll looks frightened! x2; The black bear looks frightened!
The vampire is unaffected.
The orc looks frightened! x4
The two-headed ogre looks frightened!
Your butterfly disappears in a burst of colours!
The sky beast flickers out of sight for a moment.
The orc hits your butterfly with the +7 scimitar "Zijoaple" {spect, rElec MP+9 Str+2 Dex+5}!
Your butterfly dies!
Your butterfly disappears in a burst of colours!
Something hits your gnoll zombie.
The vampire hits you but does no damage.
You block the vampire's attack.
Your gnoll zombie hits the gnoll.
Your gnoll zombie's attack snaps the gnoll out of its fear.
The gnoll hits you with a +0 club.
* * * LOW HITPOINT WARNING * * *
The gnoll misses your butterfly.
The two-headed ogre hits your butterfly with a +0 giant spiked club!!
Your butterfly dies!
Your butterfly disappears in a burst of colours!
You see here a +0 club.
You slash the gnoll!
You kill the gnoll!
The dead are walking!
Your butterfly disappears in a burst of colours!
Your gnoll zombie closely misses the black bear.
The orc barely misses your butterfly. The gnoll hits you with a +0 whip.
* * * LOW HITPOINT WARNING * * *
The vampire hits you with a +0 mace!
You die...
Your body rises from the dead as a mindless zombie.

#.# .# .. ...
##.o#######.# .
...##.....#.....# #.#. .
................ #.#.##.
#.............. #.#..Yh..
#b..b....b..... .>#.#...#
#.oob.~)..$b.b.
#.....#.####.b..b<........
.(..bg.Z)@V.O.b..b...b....
#......Zg####.b........)..
#...........##.....#.(...#
#.....h..<..####..##.#####
#...........# ##.# .#
#.........?......... #
.............(###.#.#
g.......<...#.# #O#..
..#######.....#


You could see a two-headed ogre (fleeing), a vampire (invisible), a black bear
(fleeing, ally target), a sky beast (invisible, fleeing), 2 gnolls, an orc
(fleeing) and 2 friendly gnoll zombies.

Vanquished Creatures
  Pikel (D:7)
  Grinder (D:5)
  Sigmund (D:4)
  Eustachio (D:5)
  Pargi (Sewer)
  Duvessa (D:6)
  A water moccasin (D:6)
  An ice beast (D:7)
  2 black bears
  A sky beast (D:7)
  2 lemures (D:6)
  2 phantoms
  2 kobold brigands
  2 bullfrogs
  A gnoll sergeant (D:6)
  5 scorpions
  Dowan (D:6)
  3 bombardier beetles
  2 jellies
  A hound (D:6)
  A sleepcap (D:6)
  An iguana (D:5)
  An orc wizard (D:6)
  7 gnolls
  8 adders
  A white imp (D:5)
  4 ufetubi
  A dart slug (D:1)
  6 ribbon worms
  13 orcs
  4 bats
  4 endoplasms
  6 giant cockroaches
  6 hobgoblins
  2 jackals (D:2)
  3 quokkas
  6 ball pythons
  8 frilled lizards
  6 goblins
  13 kobolds
  8 rats
141 creatures vanquished.

Vanquished Creatures (collateral kills)
  Blork the orc (D:5)
  A scorpion (D:5)
  A bombardier beetle (D:4)
  An iguana (D:5)
  2 gnolls (D:6)
  An adder (D:5)
  An ufetubus (D:5)
  2 orcs
  A giant cockroach (D:4)
  A kobold (D:5)
  A quokka (D:4)
13 creatures vanquished.

Vanquished Creatures (others)
  A black bear zombie (D:6)
  A scorpion zombie (D:5)
  An ice beast zombie (D:7)
  2 kobold zombies (D:5)
  An iguana zombie (D:5)
  2 bombardier beetle zombies (D:6)
  An endoplasm zombie (D:4)
  A giant cockroach zombie (D:4)
  2 gnoll zombies (D:6)
  A goblin zombie (D:4)
  A hobgoblin zombie (D:4)
  6 orc zombies
  2 spectral ufetubi (D:5)
22 creatures vanquished.

Grand Total: 176 creatures vanquished

Notes
Turn   | Place    | Note
-------+----------+-------------------------------------------
     0 | D:1      | hawla the Minotaur Fighter began the quest for the Orb.
     0 | D:1      | Reached XP level 1. HP: 19/19 MP: 0/0
    62 | D:1      | Reached skill level 1 in Dodging
   122 | D:1      | Found a faded altar of an unknown god.
   146 | D:1      | Reached XP level 2. HP: 26/26 MP: 1/1
   863 | D:2      | Reached XP level 3. HP: 30/31 MP: 2/2
  1156 | D:2      | Reached XP level 4. HP: 37/39 MP: 3/3
  1241 | D:2      | Reached skill level 5 in Armour
  1526 | D:3      | Noticed a scorpion
  1534 | D:3      | Killed a scorpion
  1535 | D:3      | Reached XP level 5. HP: 25/45 MP: 4/4
  1638 | D:3      | Found a glowing drain.
  1667 | Sewer    | Entered a sewer
  1850 | Sewer    | Noticed Pargi
  1861 | Sewer    | Killed Pargi
  1862 | Sewer    | Reached XP level 6. HP: 47/51 MP: 5/5
  2105 | D:3      | Found a basalt altar of Yredelemnul.
  2111 | D:3      | Found a radiant altar of Vehumet.
  2114 | D:3      | Became a worshipper of Yredelemnul the Dark
  2139 | D:3      | Found a sparkling altar of Nemelex Xobeh.
  2403 | D:4      | Gained mutation: You have sharp toenails. [potion of
                  | mutation]
  2403 | D:4      | Gained mutation: You are robust. (+10% HP) [potion of
                  | mutation]
  2403 | D:4      | Gained mutation: You have a somewhat thin skeletal
                  | structure. (Dex +2, Stealth+) [potion of mutation]
  2403 | D:4      | Gained mutation: You are partially covered in iridescent
                  | scales. (AC +2) [potion of mutation]
  2416 | D:4      | Reached XP level 7. HP: 59/62 MP: 6/6
  2461 | D:4      | Reached * piety under Yredelemnul
  2694 | D:4      | Reached ** piety under Yredelemnul
  2761 | D:4      | Found a staircase to the Ecumenical Temple.
  2762 | D:4      | Noticed Sigmund
  2788 | D:4      | Killed Sigmund
  2789 | D:4      | Reached skill level 5 in Throwing
  2865 | D:5      | Entered Level 5 of the Dungeon
  2866 | D:5      | Found a stormy altar of Qazlal.
  2964 | D:5      | Reached skill level 4 in Shields
  2992 | D:5      | Reached XP level 8. HP: 57/70 MP: 7/7
  2997 | D:5      | Reached skill level 5 in Shields
  3070 | D:5      | Reached skill level 6 in Shields
  3192 | D:5      | Noticed Eustachio
  3195 | D:5      | Reached *** piety under Yredelemnul
  3341 | D:5      | Noticed Blork the orc
  3355 | D:5      | Killed Blork the orc
  3369 | D:5      | Reached skill level 7 in Shields
  3449 | D:5      | Noticed Grinder
  3457 | D:5      | Paralysed by Grinder for 4 turns
  3462 | D:5      | Killed Grinder
  3576 | D:5      | Killed Eustachio
  3577 | D:5      | Reached skill level 8 in Shields
  3678 | D:6      | Reached skill level 9 in Shields
  3876 | D:6      | Reached XP level 9. HP: 77/77 MP: 8/8
  4160 | D:6      | Reached skill level 10 in Shields
  4365 | D:6      | Reached skill level 1 in Evocations
  4579 | D:7      | Noticed Pikel
  4579 | D:7      | Noticed Duvessa
  4579 | D:7      | Noticed Dowan
  4597 | D:6      | Killed Duvessa
  4598 | D:6      | Killed Dowan
  4766 | D:7      | Noticed a two-headed ogre
  4772 | D:7      | Reached skill level 1 in Invocations
  4927 | D:7      | Killed Pikel
  4935 | D:7      | Reached skill level 5 in Invocations
  4955 | D:7      | Identified the +7 scimitar "Zijoaple" {spect, rElec MP+9
                  | Str+2 Dex+5}
  4963 | D:7      | Slain by a vampire

Illustrated notes

Levels and vault maps discovered:
D:1:      roderic_octagonal_star, layout_basic,
          chequers_ecumenical_altar_simple_redux, minmay_split_cup_small
D:2:      layout_basic
D:3:      layout_basic, mainiacjoe_overflow_alcove_4,
          grunt_temple_overflow_open, cheibrodos_sewer_entry_drain,
          minmay_statues_item
D:4:      layout_rooms, temple_green, uniq_sigmund
D:5:      layout_loops_ring, lemuel_crystal_altar,
          minmay_fractal_squares_gapless_5, uniq_blork_the_orc, uniq_grinder,
          uniq_eustachio
D:6:      layout_loops_ring, lemuel_flame_loot_1
D:7:      layout_rooms, mainiacjoe_overflow_alcove_2, grunt_dithmenos_smoke,
          lemuel_doored_altar, uniq_pikel, uniq_crazy_yiuf_cottage, uniq_duvessa

Skill      XL: |  1  2  3  4  5  6  7  8  9 |
---------------+----------------------------+-----
Dodging        | 1 3 |  3.0
Armour         | 4 6 8 |  8.0
Throwing       | 3 6 |  6.0
Shields        | 4 9 10 | 10.0
Evocations     | 3 |  3.0
Invocations    | 5 |  5.4
Fighting       | |  3.6
Long Blades    | |  2.4

Action                     |  1- 3 |  4- 6 |  7- 9 || total
---------------------------+-------+-------+-------++-------
  Melee: Long sword        |    85 |   107 |   231 ||   423
         Headbutt          |    13 |    11 |    43 ||    67
         Kick              |       |     1 |    73 ||    74
  Throw: Dart              |       |       |     3 ||     3
 Invoke: Recall Undead Har |       |       |    11 ||    11
  Evoke: Wand              |       |       |     1 ||     1
    Use: Scroll            |     1 |     8 |    13 ||    22
         Potion            |       |     1 |       ||     1
   Stab: Sleeping          |       |     1 |     7 ||     8
 Armour: Scale mail        |    52 |    42 |       ||    94
         Troll leather arm |       |    27 |   172 ||   199
  Dodge: Dodged            |    30 |    53 |   111 ||   194
  Block: Buckler           |     6 |       |       ||     6
         Kite shield       |    19 |    66 |   188 ||   273
